 Dungeon Crawl Stone Soup version 0.29-a0-323-g050149af67 (webtiles) character file.

Game seed: 14134652026007726020

1 siradein the Magician (level 1, -3/15 HPs)
             Began as a Djinni Venom Mage on Apr 11, 2022.
             Frozen to death by an endoplasm (7 damage)
             ... on level 1 of the Dungeon.
             The game lasted 00:00:16 (98 turns).

siradein the Magician (Djinni Venom Mage)             Turns: 98, Time: 00:00:17

Health: -3/15      AC:  2    Str:  7    XL:     1   Next: 22%
Gold:   11         EV: 12    Int: 16    God:
                   SH:  0    Dex: 13

rFire   + + .      SeeInvis .   (no weapon)
rCold   x . .      Faith    .   (no shield)
rNeg    . . .      Spirit   .   a - +0 robe
rPois   ∞          Reflect  .   (no helmet)
rElec   .          Harm     .   (no cloak)
rCorr   .          Rampage  .   (no gloves)
Will    .....                   (boots unavailable)
Stlth   ++........              (no amulet)
HPRegen 0.05/turn               (no ring)
MPRegen 0.00/turn               (no ring)

@: flying, very slightly contaminated
A: sickness immunity, fire resistance 2, cold vulnerability 1, float, innate
caster, HP casting, extra vitality 1
a: no special abilities


You were on level 1 of the Dungeon.
You visited 1 branch of the dungeon, and saw 1 of its levels.

You collected 11 gold pieces.

Inventory:

Armour
 a - a +0 robe (worn)
Scrolls
 c - a scroll of teleportation {unknown}
Potions
 b - a potion of heal wounds {unknown}


   Skills:
 - Level 2.1 Dodging
 - Level 1.5 Stealth
 + Level 2.4 Spellcasting


You couldn't memorise any spells.
You knew the following spells:

 Your Spells              Type           Power      Damage    Failure   Level
a - Sting                 Tmut/Pois      36%        1d4       7%          1
b - Poisonous Vapours     Pois/Air       18%        N/A       11%         2
c - Mephitic Cloud        Conj/Pois/Air  9%         N/A       22%         3
d - Olgreb's Toxic Radia  Pois           9%         N/A       56%         4
Your spell library was empty.

Dungeon Overview and Level Annotations

Branches:
Dungeon (1/15)

Altars:


Innate Abilities, Weirdness & Mutations

You are immune to sickness and miasma.
You are immune to poison.
Your flesh is very heat resistant. (rF++)
You are vulnerable to cold. (rC-)
You float through the air rather than walking.
You learn spells naturally, not from books.
Your magical power is your life essence.
You have superior vitality. (+4 MHP)


Message History

Found a stone staircase leading down.
An endoplasm and a bat come into view.
There are monsters nearby!
There are monsters nearby! 2 ball pythons come into view.
Found a purple potion.
The endoplasm quivers.
The ball python hisses angrily.
You miscast Sting.
You are very lightly contaminated with residual magic.
Nothing appears to happen.
The bat misses you.
The sting hits the ball python.
The ball python is poisoned.
The ball python is moderately wounded.
The bat closely misses you. The ball python bites you.
The ball python grabs you. The ball python constricts you.
The bat barely misses you.
The sting misses the ball python.
The bat hits you but does no damage. The ball python bites you.
The ball python constricts you.
The sting hits the ball python.
The ball python looks even sicker.
You kill the ball python!
The bat hits you but does no damage.
The sting hits the endoplasm.
The endoplasm partially resists.
The endoplasm is lightly wounded.
The ball python hisses angrily.
The bat closely misses you. The endoplasm hits you.
You are too injured to fight recklessly!
You are too injured to fight recklessly!
Casting: Sting (safe; 7% risk of failure)
Confirm with . or Enter, or press ? or * to list all spells.
Aiming: Sting (safe; 7% risk of failure)
Press: ? - help, Shift-Dir - straight line, f/p - endoplasm
Aim: an endoplasm (lightly wounded, 97% to hit)
The sting hits the endoplasm.
The endoplasm partially resists.
The endoplasm is poisoned.
The endoplasm is moderately wounded.
* * * LOW HITPOINT WARNING * * *
The bat hits you but does no damage. The bat misses you.
The endoplasm freezes you.
You are frozen!
You feel a terrible chill!
You die...

... .. ...##.. # ...
####.##...#... ....
#..........S#. .#.#
#......>...... ...
.#............. #####.##
..........!.### .......#
#......Jb.....# ###..#
#......@# #....#
#.......#
###.##.###.......#
....##.##.....##.#
.#............##.#####.#
♣#.....##..#...........#
♣##.##.##..#.###.#######
♣ #..............#
####.#####.#####


You could see an endoplasm (poisoned), a bat and a ball python.

Vanquished Creatures
  2 ball pythons (D:1)
2 creatures vanquished.

Notes
Turn   | Place    | Note
-------+----------+-------------------------------------------
     0 | D:1      | siradein the Djinni Venom Mage began the quest for the Orb.
     0 | D:1      | Reached XP level 1. HP: 15/15 MP: 0/0
    98 | D:1      | Frozen to death by an endoplasm

Illustrated notes

Levels and vault maps discovered:
D:1:      sevenhm_arrival_forest_fort_large_2, layout_loops_cross, serial_shops,
          shop_fountains, minmay_pentomino_w2

Action                   || total
-------------------------++-------
 Cast: Sting             ||     6
Armor: Robe              ||     3
Dodge: Dodged            ||     5

Table legend: (Time is in decaauts)
 A = Elapsed time spent in this place.
 B = Non-inter-level travel time spent in this place.
 C = Inter-level travel time spent in this place.
 D = Time resting spent in this place.
 E = Time spent auto-exploring this place.
 F = Levels seen in this place.
 G = Mean time per level.
                   A        B        C        D        E       F      G
               +--------+--------+--------+--------+--------+-----+--------+
         Total |     98 |     98 |      0 |      0 |     83 |   1 |   98.0 |
       Dungeon |     98 |     98 |      0 |      0 |     83 |   1 |   98.0 |
               +--------+--------+--------+--------+--------+-----+--------+

Top non-repeatable levels by time:
     D:1: 98 daAuts
